 Dungeon Crawl Stone Soup version 0.28-b1-25-g9875b3fc8c (webtiles) character file.

Game seed: 9792972640055961203

17788 mopl the Spear-Bearer (level 12, -17/100 (102) HPs)
             Began as a Palentonga Berserker on Feb 8, 2022.
             Was a Priest of Trog.
             Demolished by a bunyip zombie (18 damage)
             ... on level 1 of the Abyss.
             The game lasted 00:24:17 (15597 turns).

mopl the Spear-Bearer (Palentonga Berserker)       Turns: 15597, Time: 00:24:18

HP:   -17/100 (102) AC: 23    Str: 19 (22) XL:     12   Next: 22%
MP:   12/12         EV:  4    Int:  7 (8)  God:    Trog [***...]
Gold: 589           SH:  3    Dex: 11 (13) Spells: 11/11 levels left

rFire   . . .      SeeInvis +   a - +0 trident
rCold   . . .      Faith    .   h - +0 buckler
rNeg    . . .      Spirit   .   d - +0 plate armour
rPois   .          Reflect  .   (no helmet)
rElec   .          Harm     .   z - +0 cloak
rCorr   .          Rampage  .   (no gloves)
Will    ++...      Rnd*Tele +   (no barding)
Stlth   ..........              H - amulet of the acrobat
HPRegen 1.00/turn               f - +4 ring of protection
MPRegen 0.13/turn               n - +4 ring of slaying

@: strong-willed, on berserk cooldown, sick, regenerating, slowed, lightly
drained, curled up, very slow
A: large, rugged brown scales 3, see invisible, deformed body, roll 1, armoured
tail, reflexive curl, [deterioration 2], [teleportitis 2]
a: Rolling Charge, Renounce Religion, Berserk, Trog's Hand


You were on level 1 of the Abyss.
You worshipped Trog.
Trog was most pleased with you.
You visited 2 branches of the dungeon, and saw 12 of its levels.
You visited the Abyss 1 time.
You also visited: Bailey.

You collected 775 gold pieces.
You spent 186 gold pieces at shops.

Inventory:

Hand Weapons
 a - a +0 trident (weapon)
 L - a +0 glaive
 M - a +4 halberd
 Q - the +4 quarterstaff of Wu Jian's Displeasure {vorpal, rF+ rN+ Dex+3}
   (You found it on level 8 of the Dungeon)

   It inflicts extra damage upon your enemies.
   Dex:       It affects your dexterity (+3).
   rF:        It protects you from fire.
   rN:        It protects you from negative energy.
 Z - a +1 hand axe of flaming
Missiles
 r - 4 javelins
 s - 30 poisoned darts (quivered)
 G - 5 boomerangs
 K - 7 throwing nets
 R - 3 boomerangs of dispersal
 T - 5 curare-tipped darts
Armour
 d - a +0 plate armour (worn)
 h - a +0 buckler (worn)
 q - a +0 troll leather armour {Pargi}
 z - a +0 cloak (worn)
 V - +0 acid dragon scales
Jewellery
 f - a +4 ring of protection (left hand)
 n - a +4 ring of slaying (right hand)
 w - a ring of positive energy
 y - a ring of protection from fire
 C - a ring of ice
 E - a +6 ring of strength
 H - an amulet of the acrobat (around neck)
Wands
 c - a wand of paralysis (4)
 o - a wand of flame (71)
 D - a wand of iceblast (27)
 I - a wand of polymorph (1)
 N - a wand of digging (10)
 U - a wand of acid (9)
 X - a wand of charming (4)
Scrolls
 g - 3 scrolls of fog {unknown}
 j - 3 scrolls of noise {unknown}
 k - 3 scrolls of amnesia {unknown}
 m - 2 scrolls of enchant weapon {unknown}
 p - 5 scrolls of enchant armour {unknown}
 t - 4 scrolls of silence {unknown}
 v - 3 scrolls of teleportation
 x - 8 scrolls of identify
 A - 3 scrolls of fear {unknown}
 B - a scroll of torment {unknown}
 F - a scroll of immolation {unknown}
 J - a scroll of holy word {unknown}
 S - a scroll of magic mapping {unknown}
 Y - a scroll of acquirement {unknown}
Potions
 b - 2 potions of invisibility
 i - 2 potions of mutation {!q}
 l - 3 potions of haste
 u - a potion of curing
 W - a potion of might
Miscellaneous
 O - a tin of tremorstones (2/2)
 P - a lightning rod (2/4)


   Skills:
 + Level 9.4 Fighting
 * Level 12.0 Polearms
 + Level 5.9 Throwing
 + Level 7.6 Armour
 - Level 1.5 Dodging
 + Level 5.2 Evocations


You had 11 spell levels left.
You didn't know any spells.
Your spell library contained the following spells:

 Spells                   Type           Power      Damage    Failure   Level
 Magic Dart               Conj           0%         1d3       100%        1
 Call Imp                 Summ           0%         N/A       100%        2
 Mephitic Cloud           Conj/Pois/Air  0%         N/A       100%        3


Dungeon Overview and Level Annotations

Branches:
Dungeon (11/15)            Temple (0/1) D:4            Lair (0/6) D:10
    Orc (1/2) D:10         Bailey (visited)

Altars:
Hepliaklqana
Makhleb
Trog
Xom

Shops:
D:3 *   D:5 !   D:9 [


Innate Abilities, Weirdness & Mutations

You are completely covered in rugged brown scales. (AC +3, +7% HP)
You have supernaturally acute eyesight. (SInv)
Armour fits poorly on your strangely shaped body.
You can roll at nearby foes to attack.
You have a long armoured tail.
You curl defensively after being hit. (AC +7*)
[Your body often deteriorates upon taking damage.]
[You are sometimes teleported next to monsters.]


Message History

The wight barely misses you. The ancient zyme hits you.
* * * LOW HITPOINT WARNING * * *
The ancient zyme hits you.
* * * LOW HITPOINT WARNING * * *
Unknown command.
You hit the ancient zyme.
The ancient zyme is heavily damaged.
The wight hits you but does no damage. You block the ancient zyme's attack.
The ancient zyme hits you.
* * * LOW HITPOINT WARNING * * *
Unknown command.
You hit the ancient zyme.
The ancient zyme is heavily damaged.
The wight hits you with a +0 hand axe.
* * * LOW HITPOINT WARNING * * *
The ancient zyme hits you but does no damage.
You block the ancient zyme's attack.
Unknown command.
You hit the ancient zyme. You tail-slap the ancient zyme!
The ancient zyme is almost destroyed.
The wight completely misses you.
The ancient zyme hits you but does no damage.
The ancient zyme hits you.
* * * LOW HITPOINT WARNING * * *
Unknown command.
You puncture the ancient zyme!
You destroy the ancient zyme!
That felt strangely unrewarding.
The wight hits you but does no damage. x2
Unknown command.
You puncture the wight!
You destroy the wight!
That felt strangely unrewarding.
You puncture the bunyip zombie! You tail-slap the bunyip zombie!
The bunyip zombie is lightly damaged.
The bunyip zombie claws you!
* * * LOW HITPOINT WARNING * * *
Your body deteriorates!
You feel dopey.
The bunyip zombie claws you but does no damage.
The bunyip zombie claws you!!
You die...

## . .. .. #.
. .###.#. #
##.#... #.
#.#....# ..
#..... .#. .
##... ...
#..## #
.#@###
#.....###Z.#
##.. ...#..#
. #..#..## ..
. ...#
.###.#..#...#
. #....##....
.# ..# ....
#...# . ...


You could see a bunyip zombie.

Vanquished Creatures
  A tentacled starspawn (Abyss:1)
  An orc warlord (D:9)
  Josephine (D:10)
  A hydra (D:11)
  A rakshasa (Abyss:1)
  3 two-headed ogres
  A wretched star (Abyss:1)
  Nergalle (D:10)
  A large abomination (Abyss:1)
  An orc knight (D:10)
  2 orc sorcerers (D:10)
  An ugly thing (D:11)
  An orange demon (Abyss:1)
  An efreet (Abyss:1)
  2 komodo dragons
  A troll (D:11)
  An ancient zyme (Abyss:1)
  A queen bee (D:11)
  3 raiju (Abyss:1)
  6 wyverns
  A shadow (D:10)
  4 wraiths (D:10)
  8 yaks
  2 wargs (D:10)
  A small abomination (Abyss:1)
  2 steam dragons
  2 acid dragons (D:11)
  2 water moccasins
  A hornet zombie (D:5)
  16 orc warriors
  Pargi (D:3)
  A black bear (D:7)
  A sky beast (D:6)
  2 necrophages (D:7)
  2 ice beasts
  5 wolves (Bailey)
  4 ogres
  2 centaurs
  2 phantoms (D:5)
  2 kobold brigands
  7 gnoll sergeants
  A bullfrog (D:8)
  A scorpion (D:5)
  A water moccasin skeleton (D:6)
  A water moccasin zombie (D:6)
  9 killer bees
  10 wights
  6 centaur zombies
  4 howler monkeys
  A bullfrog zombie (D:5)
  4 hounds
  3 gnoll shamans (Bailey)
  2 centaur skeletons
  3 jellies
  6 orc priests
  Jessica (D:3)
  6 iguanas
  A scorpion zombie (D:4)
  Natasha (thrice) (D:3)
  13 orc wizards
  A hound skeleton (D:4)
  A howler monkey zombie (D:10)
  10 gnolls
  3 adders
  A howler monkey skeleton (D:6)
  2 white imps
  An ufetubus (D:4)
  A worm (D:4)
  54 orcs
  9 ball pythons
  3 bats
  7 endoplasms
  2 giant cockroaches (D:2)
  8 goblins
  3 hobgoblins
  15 kobolds
  A quokka (D:1)
  4 frilled lizards
  4 rats
  A spectral kobold (D:7)
306 creatures vanquished.

Vanquished Creatures (collateral kills)
  A wolf (Bailey)
  2 gnoll sergeants (Bailey)
  3 gnoll shamans (Bailey)
  7 gnolls (Bailey)
13 creatures vanquished.

Vanquished Creatures (others)
  An orc priest (Orc:1)
  An orc (Orc:1)
  A bush (D:10)
  2 fungi (D:10)
  29 plants (D:10)
  5 starspawn tentacles (Abyss:1)
39 creatures vanquished.

Grand Total: 358 creatures vanquished

Notes
Turn   | Place    | Note
-------+----------+-------------------------------------------
     0 | D:1      | mopl the Palentonga Berserker began the quest for the Orb.
     0 | D:1      | Reached XP level 1. HP: 19/19 MP: 1/1
   234 | D:1      | Reached skill level 3 in Polearms
   247 | D:1      | Reached XP level 2. HP: 19/25 MP: 2/2
  1134 | D:2      | Found a hazy altar of Hepliaklqana.
  1622 | D:3      | Reached XP level 3. HP: 31/31 MP: 3/3
  1706 | D:3      | Noticed Jessica
  1710 | D:3      | Killed Jessica
  1711 | D:3      | Reached skill level 2 in Armour
  1781 | D:3      | Found Kyifyam's Assorted Antiques.
  1840 | D:3      | Reached ** piety under Trog
  1869 | D:3      | Reached XP level 4. HP: 37/37 MP: 4/4
  1926 | D:3      | Noticed Natasha
  1933 | D:3      | Killed Natasha
  1934 | D:3      | Reached skill level 4 in Polearms
  2052 | D:3      | Noticed Pargi
  2059 | D:3      | Killed Pargi
  2060 | D:3      | Reached skill level 4 in Fighting
  2060 | D:3      | Reached XP level 5. HP: 44/44 MP: 5/5
  2305 | D:3      | Bought 2 scrolls labelled ERCHEO ZOUN for 50 gold pieces
  2305 | D:3      | Bought a sapphire potion for 22 gold pieces
  2305 | D:3      | Bought a scroll labelled LIZIAJIJEP for 25 gold pieces
  2305 | D:3      | Bought a scroll of identify for 50 gold pieces
  2534 | D:3      | Noticed Natasha
  2541 | D:3      | Killed Natasha
  2665 | D:3      | Noticed Natasha
  2670 | D:3      | Killed Natasha
  2728 | D:4      | Reached XP level 6. HP: 45/51 MP: 6/6
  2785 | D:4      | Reached skill level 5 in Polearms
  2816 | D:4      | Reached skill level 3 in Armour
  2823 | D:4      | Identified the +5 whip "Kiozif" {freeze, *Noise Dex+4}
  3063 | D:4      | Found a bloodstained altar of Trog.
  3330 | D:4      | Found a staircase to the Ecumenical Temple.
  3545 | D:5      | Entered Level 5 of the Dungeon
  3603 | D:5      | Gained mutation: You curl defensively after being hit. (AC
                  | +7*) [Palentonga growth]
  3603 | D:5      | Reached XP level 7. HP: 36/58 MP: 7/7
  3734 | D:5      | Reached skill level 5 in Fighting
  3765 | D:5      | Found Odeseno's Distillery.
  3774 | D:5      | Bought a potion of attraction for 39 gold pieces
  3811 | D:5      | Reached skill level 6 in Polearms
  3840 | D:5      | Found a shimmering altar of Xom.
  3842 | D:5      | Found a shimmering altar of Xom.
  3852 | D:5      | Found a shimmering altar of Xom.
  3852 | D:5      | Found a shimmering altar of Xom.
  3855 | D:5      | Found a shimmering altar of Xom.
  3971 | D:5      | Reached *** piety under Trog
  4190 | D:5      | Reached skill level 1 in Throwing
  4190 | D:5      | Reached XP level 8. HP: 40/67 MP: 8/8
  4326 | D:5      | Reached skill level 4 in Armour
  4543 | D:6      | Reached skill level 7 in Polearms
  4805 | D:6      | Found a burning altar of Makhleb.
  4805 | D:6      | Noticed a blizzard demon
  4809 | D:6      | Noticed a smoke demon
  4809 | D:6      | Noticed a smoke demon
  4831 | D:7      | Reached skill level 2 in Throwing
  5174 | D:7      | Found a hazy altar of Hepliaklqana.
  5232 | D:7      | Reached skill level 6 in Fighting
  5640 | D:7      | Reached XP level 9. HP: 68/73 MP: 9/9
  5737 | D:7      | Reached skill level 8 in Polearms
  5743 | D:7      | Reached skill level 5 in Armour
  5753 | D:7      | Reached skill level 3 in Throwing
  5809 | D:8      | Noticed a two-headed ogre
  5865 | D:7      | Reached **** piety under Trog
  5963 | D:8      | Found a flagged portal.
  5997 | Bailey   | Entered a bailey
  6310 | Bailey   | Reached skill level 7 in Fighting
  6339 | Bailey   | Reached skill level 9 in Polearms
  7003 | Bailey   | Reached XP level 10. HP: 84/84 MP: 10/10
  7437 | D:8      | Identified the +3 rapier "Zofuomim" {vorpal, Str+4}
  7651 | D:8      | Identified the +4 quarterstaff of Wu Jian's Displeasure
                  | {vorpal, rF+ rN+ Dex+3}
  7707 | D:8      | Killed a two-headed ogre
  7708 | D:8      | Reached skill level 4 in Throwing
  7708 | D:8      | Reached skill level 6 in Armour
  7708 | D:8      | Reached skill level 1 in Evocations
  8222 | D:9      | Found Siesk's Armour Boutique.
  8233 | D:9      | Reached skill level 2 in Evocations
  8269 | D:9      | Reached skill level 10 in Polearms
  8277 | D:9      | Reached skill level 8 in Fighting
  8937 | D:9      | Noticed a two-headed ogre
  8949 | D:9      | Killed a two-headed ogre
  9457 | D:10     | Entered Level 10 of the Dungeon
  9468 | D:10     | Noticed Josephine
  9489 | D:10     | Killed Josephine
  9490 | D:10     | Reached skill level 3 in Evocations
  9490 | D:10     | Reached XP level 11. HP: 93/93 MP: 11/11
  9773 | D:10     | Noticed Nergalle
  9796 | D:10     | Killed Nergalle
 10013 | D:10     | Reached skill level 5 in Throwing
 10055 | D:10     | Found a staircase to the Lair.
 10396 | D:10     | Noticed a two-headed ogre
 10410 | D:10     | Killed a two-headed ogre
 10411 | D:10     | Reached skill level 11 in Polearms
 10659 | D:10     | Reached skill level 7 in Armour
 10659 | D:10     | Reached skill level 4 in Evocations
 10836 | D:10     | Found a staircase to the Orcish Mines.
 10966 | D:11     | Noticed a seven-headed hydra
 10978 | D:11     | Killed a seven-headed hydra
 11168 | D:11     | Noticed Sonja
 11169 | D:11     | Noticed Sonja
 11169 | D:11     | Sonja changed into Sonja the queen bee
 11175 | D:11     | Killed Sonja the queen bee
 11201 | D:11     | Identified the +7 great sword of the Other Side {flame,
                  | Drain rCorr Str+2 Int+4}
 11260 | D:10     | Reached skill level 9 in Fighting
 11583 | D:11     | Noticed a purple ugly thing
 11610 | D:11     | Killed a purple ugly thing
 12181 | Orc:1    | Entered Level 1 of the Orcish Mines
 12572 | Orc:1    | Noticed an orc sorcerer
 12935 | Orc:1    | Noticed an orc knight
 13141 | D:10     | Killed an orc knight
 13409 | D:10     | Reached XP level 12. HP: 86/100 MP: 12/12
 13574 | Orc:1    | Noticed an orc warlord
 14189 | D:9      | Killed an orc warlord
 14190 | D:9      | Reached skill level 5 in Evocations
 14876 | D:10     | Reached skill level 12 in Polearms
 15133 | Orc:1    | Cast into level 1 of the Abyss (orc warrior)
 15203 | Abyss:1  | Noticed a tentacled starspawn
 15243 | Abyss:1  | Killed a tentacled starspawn
 15384 | Abyss:1  | Noticed a tentacled starspawn
 15385 | Abyss:1  | Noticed a starcursed mass
 15386 | Abyss:1  | Noticed a starcursed mass
 15481 | Abyss:1  | Noticed a rakshasa
 15500 | Abyss:1  | Killed a rakshasa
 15597 | Abyss:1  | HP: 1/100 [bunyip zombie (15)]
 15597 | Abyss:1  | Demolished by a bunyip zombie

Illustrated notes

Levels and vault maps discovered:
D:1:      dpeg_arrival_refuge, layout_basic, minmay_pentomino_u4
D:2:      layout_loops_corners, basic_altar, kennysheep_path_1,
          hangedman_glass_garden
D:3:      layout_loops_cross, serial_shops, nicolae_shop_waterfront,
          eino_curves_03, uniq_pargi, uniq_jessica, uniq_natasha
D:4:      minmay_chambers_of_fours, layout_loops_ring,
          mainiacjoe_overflow_catwalk, minmay_temple_entry_poolview
D:5:      layout_cave_pools, xom_redecorated, serial_shops,
          nicolae_lakefront_shop
D:6:      layout_rooms, makhleb_altar_promises_db
D:7:      layout_basic, nicolae_hepliaklqana_monster_ancestors,
          minmay_fractal_squares_gapless_5
D:8:      layout_rooms, enter_bailey_5, grunt_decor_resistance,
          corexii_mini_fake_secret_closet
D:9:      layout_cave_pools, serial_shops, shop, minmay_misc_feat_alley,
          minmay_misc_feat_four_crosses, minivault_4
D:10:     layout_roguey, minmay_lair_entry_grove, orc_0_dummy, uniq_josephine,
          uniq_nergalle
D:11:     layout_cave_pools, uniq_sonja
Orc:1:    layout_caves, basic_altar, serial_shops, shop
Abyss:1:  base: IceCv, evilmike_abyss_exit_kraken, gammafunk_corrupted_shrine

Skill      XL: |  1  2  3  4  5  6  7  8  9 10 11 12 |
---------------+-------------------------------------+-----
Polearms       | 3 4 5 6 7 9 10 11 12 | 12.0
Armour         | 2 3 4 5 6 7 |  7.6
Fighting       | 4 5 6 7 8 9 |  9.4
Throwing       | 1 2 3 4 5 |  5.9
Evocations     | 3 4 5 |  5.2
Dodging        | |  1.5

Action                   |  1- 3 |  4- 6 |  7- 9 | 10-12 || total
-------------------------+-------+-------+-------+-------++-------
Melee: Spear             |    96 |    45 |       |       ||   141
       Tailslap          |     7 |    19 |    29 |   103 ||   158
       Trident           |       |    57 |   306 |   634 ||   997
Throw: Dart              |       |       |     1 |     3 ||     4
Invok: Berserk           |       |     1 |     7 |    30 ||    38
       Brothers in Arms  |       |       |     2 |     1 ||     3
       Trog's Hand       |       |       |       |     3 ||     3
Evoke: Lightning rod     |       |       |       |     2 ||     2
       Wand              |       |       |       |     1 ||     1
  Use: Scroll            |     4 |     2 |     1 |     2 ||     9
       Potion            |       |       |     1 |     3 ||     4
Armor: Plate armour      |    36 |    53 |   216 |   331 ||   636
       Animal skin       |     1 |       |       |       ||     1
Dodge: Dodged            |    10 |    10 |    70 |   139 ||   229
Block: Buckler           |     2 |     7 |    39 |    87 ||   135
